 Dungeon Crawl Stone Soup version 0.30-a0-1157-g2cc9ac7196 (webtiles) character file.

Game seed: 15854213473694159080

5301 ryw the Fighter (level 10, -8/85 HPs)
             Began as a Mummy Fighter on Apr 25, 2023.
             Mangled by a fire elemental (19 damage)
             ... on level 9 of the Dungeon.
             The game lasted 00:15:51 (8708 turns).

ryw the Fighter (Mummy Fighter)                     Turns: 8708, Time: 00:15:51

Health: -8/85      AC: 12    Str: 25    XL:     10   Next: 37%
Magic:  5/10       EV: 15    Int:  7    God:
Gold:   128        SH:  6    Dex: 11    Spells: 9/9 levels left

rFire   x . .        o - +1 morningstar
rCold   + . .        c - +1 buckler
rNeg    + + +        w - +0 swamp dragon scales
rPois   ∞            f - +2 helmet
rElec   .            (no cloak)
rCorr   .            t - +0 pair of gloves {infuse}
SInv    .            (no boots)
Will    +....        j - amulet of regeneration
Stlth   +            d - +5 ring of evasion
HPRegen 1.14/turn    (no ring)
MPRegen 0.12/turn

%: faith, infuse magic (1 MP)
@: no status effects
A: cold resistance 1, negative energy resistance 3, torment resistance 2, heat
vulnerability 1, in touch with death 1, no potions, faith
a: no special abilities


You were on level 9 of the Dungeon.
You visited 2 branches of the dungeon, and saw 10 of its levels.

You collected 501 gold pieces.
You spent 373 gold pieces at shops.

Inventory:

Hand Weapons
 a - a +1 flail of flaming
 o - a +1 morningstar (weapon)
Missiles
 e - a throwing net
 g - 7 poisoned darts (quivered)
 p - 2 boomerangs
Armour
 c - a +1 buckler (worn)
 f - a +2 helmet (worn)
 t - a +0 pair of gloves of infusion (worn)
 w - +0 swamp dragon scales (worn)
Jewellery
 d - a +5 ring of evasion (left hand)
 j - an amulet of regeneration (around neck)
Wands
 l - a wand of digging (4)
 q - a wand of flame (29)
 s - a wand of acid (8)
 v - a wand of polymorph (11)
Scrolls
 h - 2 scrolls of teleportation
 i - 3 scrolls of identify
 k - 2 scrolls of magic mapping
 m - 2 scrolls of blinking
 n - a scroll of poison
 r - a scroll of noise
 u - a scroll of butterflies


   Skills:
 + Level 9.8 Fighting
 * Level 9.1 Maces & Flails
 + Level 4.5 Armour
 + Level 4.5 Shields


You had 9 spell levels left.
You didn't know any spells.
Your spell library contained the following spells:

 Spells                   Type           Power      Damage    Failure   Level
 Kiss of Death            Conj/Necr      0%         2d5       63%         1
 Necrotise                Necr           0%         1d4       63%         1
 Ensorcelled Hibernation  Hex/Ice        0%         N/A       77%         2
 Passwall                 Tmut/Erth      0%         N/A       77%         2
 Scorch                   Fire           0%         2d5       77%         2
 Confusing Touch          Hex            0%         N/A       94%         3
 Ozocubu's Armour         Ice            0%         N/A       94%         3
 Portal Projectile        Hex/Tloc       0%         N/A       94%         3
 Swiftness                Air            0%         N/A       94%         3
 Tukima's Dance           Hex            0%         N/A       94%         3
 Vampiric Draining        Necr           0%         2d6       94%         3
 Anguish                  Hex/Necr       0%         N/A       100%        4
 Dispel Undead            Necr           0%         3d6       100%        4
 Flame Wave               Conj/Fire      0%         2d4       100%        4
 Leda's Liquefaction      Hex/Erth       0%         N/A       100%        4
 Manifold Assault         Tloc           0%         N/A       100%        4
 Agony                    Necr           0%         N/A       100%        5
 Lee's Rapid Deconstruct  Erth           0%         3d4*      100%        5
 Dispersal                Tloc           0%         N/A       100%        6
 Summon Cactus Giant      Summ           0%         N/A       100%        6
 Enfeeble                 Hex            0%         N/A       100%        7
 Ozocubu's Refrigeration  Ice            0%         4d7       100%        7
 Disjunction              Tloc           0%         N/A       100%        8
 Blade Hands              Tmut           Unusable   N/A       N/A         5
 Statue Form              Tmut/Erth      Unusable   N/A       N/A         6

Dungeon Overview and Level Annotations

Branches:
Dungeon (9/15)             Temple (1/1) D:7
   Lair: D:8-11         Orc: D:9-12

Altars:
Ashenzari
Cheibriados
Dithmenos
Fedhas
Gozag
Hepliaklqana
Kikubaaqudgha
Nemelex Xobeh
Okawaru
Qazlal
Ru
Sif Muna
Trog
Uskayaw
Vehumet
Wu Jian
Xom
Yredelemnul

Shops:
D:3 ?   D:5 [   D:6 *   D:7 :   D:8 !

Annotations:
D:4 2 runed translucent doors, superbruh's ghost, amateur DsGl
D:6 Dowan; Duvessa


Innate Abilities, Weirdness & Mutations

You are immune to poison.
Your flesh is cold resistant. (rC+)
You are immune to negative energy. (rN+++)
You are immune to unholy pain and torment.
You are vulnerable to heat. (rF-)
You are in touch with the powers of death.
You do not drink.
You have a special connection with the divine. (Faith)


Message History

You bludgeon the fire elemental!!
The fire elemental is heavily damaged.
The fire elemental hits you. The fire elemental burns you!
The fire burns you terribly!
You closely miss the fire elemental.
The fire elemental is heavily damaged.
The fire elemental hits you. The fire elemental burns you!
The fire burns you terribly! The fire elemental hits you.
The fire elemental burns you! The fire burns you terribly!
You are too injured to fight recklessly!
You are too injured to fight recklessly!
You are too injured to fight recklessly!
You hit the fire elemental.
The fire elemental is heavily damaged.
The fire elemental closely misses you.
You hit the fire elemental.
The fire elemental is severely damaged.
You block the fire elemental's attack.
You closely miss the fire elemental.
The fire elemental is severely damaged.
The fire elemental hits you. The fire elemental burns you!
The fire burns you terribly!
* * * LOW HITPOINT WARNING * * *
You block the fire elemental's attack.
You barely miss the fire elemental.
The fire elemental is heavily damaged.
The fire elemental closely misses you.
You barely miss the fire elemental.
The fire elemental is heavily damaged.
The fire elemental hits you. The fire elemental burns you!
The fire burns you terribly!
* * * LOW HITPOINT WARNING * * *
You barely miss the fire elemental.
The fire elemental is heavily damaged.
You block the fire elemental's attack. The fire elemental closely misses you.
You closely miss the fire elemental.
The fire elemental is heavily damaged.
The fire elemental hits you. The fire elemental burns you!
The fire burns you terribly!
You die...

.#....#....####....## ##. ##.#
##....#..!.##≈##..#+ + ≈###
......#...##§≈§#### ≈≈≈##
......#..##§§☼§≈## ≈≈≈≈ #
..........##§≈≈#### ##≈≈≈
.######....##≈##..#+ 4k##≈#
##....#....####....## #.
......#....####.E...###4.. ####
......#.......##@...###k...##...#
#####.##...#...'#..##.##k.#+.....
...........#....####...### #.....
...........#.....##..§..## #.....
.################.##...##########
....(...........#..##.##........#
................#...###.........#
................#....#...........
................#................


You could see a fire elemental.

Vanquished Creatures
  An ugly thing (D:9)
  Maggie (D:8)
  Grinder (D:5)
  Prince Ribbit (D:6)
  3 wyverns
  A fire elemental (D:9)
  2 steam dragons (D:7)
  A water moccasin (D:8)
  4 sky beasts
  3 ice beasts
  An orc warrior (D:8)
  A black bear (D:7)
  An ogre (D:5)
  A centaur (D:7)
  2 phantoms
  A kobold brigand (D:7)
  A gnoll sergeant (D:7)
  5 bullfrogs
  A scorpion (D:4)
  A wyvern zombie (D:5)
  18 killer bees
  2 howler monkeys (D:8)
  3 jellies
  An orc priest (D:6)
  A hound (D:2)
  A sleepcap (D:6)
  4 iguanas
  3 orc wizards
  Robin (D:2)
  11 gnolls
  7 adders
  2 shadow imps
  3 white imps
  2 ufetubi (D:6)
  2 dart slugs
  25 orcs
  7 bats
  8 endoplasms
  3 giant cockroaches
  24 goblins
  8 hobgoblins
  4 jackals (D:2)
  14 kobolds
  3 quokkas
  9 ball pythons
  2 frilled lizards
  3 rats
204 creatures vanquished.

Vanquished Creatures (others)
  A bush (D:5)
  12 plants
13 creatures vanquished.

Grand Total: 217 creatures vanquished

Notes
Turn   | Place    | Note
-------+----------+-------------------------------------------
     0 | D:1      | ryw the Mummy Fighter began the quest for the Orb.
     0 | D:1      | Reached XP level 1. HP: 18/18 MP: 1/1
   127 | D:1      | Reached XP level 2. HP: 24/24 MP: 2/2
   664 | D:1      | Gained mutation: You are in touch with the powers of death.
                  | [Mummy growth]
   664 | D:1      | Reached XP level 3. HP: 29/29 MP: 3/3
   869 | D:2      | Found a faded altar of an unknown god.
  1024 | D:2      | Noticed Robin
  1425 | D:2      | Killed Robin
  1426 | D:2      | Reached XP level 4. HP: 20/37 MP: 4/4
  1825 | D:2      | Reached XP level 5. HP: 42/42 MP: 5/5
  2393 | D:3      | Found Nasol's Magic Scroll Emporium.
  2640 | D:3      | You fall into a shaft and drop 2 floors!
  2640 | D:5      | Entered Level 5 of the Dungeon
  2641 | D:5      | Noticed an ogre
  3182 | D:3      | Bought a scroll of brand weapon for 133 gold pieces
  3242 | D:4      | Reached skill level 5 in Fighting
  3274 | D:3      | Reached XP level 6. HP: 29/51 MP: 6/6
  3447 | D:4      | Found a large runed translucent door.
  3447 | D:4      | Found a large runed translucent door.
  3453 | D:4      | Noticed superbruh's ghost (amateur DsGl)
  3537 | D:3      | Identified a scroll of acquirement
  3538 | D:3      | Acquired an amulet of regeneration
  4061 | D:5      | Found Juojaw's Antique Armour Shoppe.
  4083 | D:5      | Found a blossoming altar of Fedhas.
  4254 | D:5      | Noticed Grinder
  4262 | D:5      | Paralysed by Grinder for 2 turns
  4266 | D:5      | Paralysed by Grinder for 2 turns
  4279 | D:5      | Killed Grinder
  4280 | D:5      | Reached skill level 5 in Maces & Flails
  4280 | D:5      | Reached XP level 7. HP: 58/59 MP: 7/7
  4695 | D:6      | Found an ornate altar of the Wu Jian Council.
  4748 | D:6      | Reached XP level 8. HP: 67/67 MP: 8/8
  4749 | D:6      | Found Gozag's Platinum Reserve.
  4749 | D:6      | Found an opulent altar of Gozag.
  5062 | D:6      | Noticed Prince Ribbit
  5086 | D:6      | Killed Prince Ribbit
  5356 | D:7      | Found a staircase to the Ecumenical Temple.
  5376 | Temple   | Entered the Ecumenical Temple
  5443 | D:7      | Noticed Duvessa
  5443 | D:7      | Noticed Dowan
  5787 | D:7      | Reached XP level 9. HP: 75/75 MP: 9/9
  6216 | D:7      | Found Sycw's Book Shop.
  6378 | D:5      | Bought a pair of runed gloves for 240 gold pieces
  6621 | D:7      | Found a shadowy altar of Dithmenos.
  6621 | D:7      | Found a sacrificial altar of Ru.
  6628 | D:7      | Found a broken altar of Ashenzari.
  6630 | D:7      | Found a shimmering blue altar of Sif Muna.
  6632 | D:7      | Found a sparkling altar of Nemelex Xobeh.
  6797 | D:8      | Found Erupho's Distillery.
  6887 | D:8      | Found a snail-covered altar of Cheibriados.
  6977 | D:8      | Noticed Maggie
  6998 | D:8      | Killed Maggie
  7512 | D:8      | Reached XP level 10. HP: 76/83 MP: 6/10
  7595 | D:8      | Found an iron altar of Okawaru.
  7667 | D:9      | Noticed a gargoyle
  7667 | D:9      | Noticed a gargoyle
  7812 | D:9      | Noticed a gargoyle
  7812 | D:9      | Noticed a boulder beetle
  7928 | D:9      | Noticed a brown ugly thing
  8005 | D:9      | Killed a brown ugly thing
  8708 | D:9      | Mangled by a fire elemental

Illustrated notes

Levels and vault maps discovered:
D:1:      scummos_arrival_simple_fountains, layout_basic
D:2:      layout_loops_ring, chequers_ecumenical_altar_simple_redux,
          kennysheep_cross_bottleneck, kennysheep_cross_room, uniq_robin
D:3:      layout_loops_ring, serial_shops, nicolae_shop_rolling_square,
          grunt_ministairs_9
D:4:      layout_cave_pools, ebering_ghost_disaster_area,
          chequers_serial_rivers_micro_c
D:5:      layout_basic, fedhas_altar_decomposition, serial_shops,
          nicolae_shop_tiny_glass, uniq_grinder
D:6:      layout_basic, nicolae_wu_jian_wuxing_cycle,
          nicolae_gozag_zags_fifth_avenue, uniq_prince_ribbit1
D:7:      layout_basic, chequers_temple_overflow_minitemple,
          minmay_temple_entry_sparse_star, serial_shops, shop,
          palyth_stone_intersect, hangedman_misty_isle, uniq_duvessa
D:8:      layout_basic, mainiacjoe_overflow_brackets, cheibriados_altar_1,
          serial_shops, shop, serial_bayou_pond_e, uniq_maggie
D:9:      layout_grid_maze, dilly_guarded_unrand_elemental_staff
Temple:   nicolae_temple_ecumenical_triangle

Skill      XL: |  1  2  3  4  5  6  7  8  9 10 |
---------------+-------------------------------+-----
Maces & Flails | 2 3 4 5 7 8 9 |  9.1
Fighting       | 4 5 6 7 8 9 |  9.8
Armour         | 3 4 |  4.5
Shields        | 3 4 |  4.5

Action                     |  1- 3 |  4- 6 |  7- 9 | 10-12 || total
---------------------------+-------+-------+-------+-------++-------
  Melee: Flail             |   119 |   222 |       |       ||   341
         Morningstar       |       |    18 |   318 |    97 ||   433
  Throw: Dart              |       |     6 |     8 |     2 ||    16
         Boomerang         |       |     1 |     1 |       ||     2
    Use: Scroll            |     3 |     7 |     3 |     1 ||    14
 Armour: Scale mail        |    65 |    88 |   110 |       ||   263
         Swamp dragon scal |       |       |    28 |    84 ||   112
  Dodge: Dodged            |    75 |   147 |   229 |   192 ||   643
  Block: Buckler           |    22 |    59 |    82 |    71 ||   234

Table legend: (Time is in decaauts)
 A = Elapsed time spent in this place.
 B = Non-inter-level travel time spent in this place.
 C = Inter-level travel time spent in this place.
 D = Time resting spent in this place.
 E = Time spent auto-exploring this place.
 F = Levels seen in this place.
 G = Mean time per level.
                   A        B        C        D        E       F      G
               +--------+--------+--------+--------+--------+-----+--------+
         Total |   8892 |   8190 |    702 |   1027 |   4959 |  10 |  889.2 |
       Dungeon |   8848 |   8152 |    696 |   1027 |   4929 |   9 |  983.1 |
        Temple |     43 |     37 |      6 |      0 |     30 |   1 |   43.0 |
               +--------+--------+--------+--------+--------+-----+--------+

Top non-repeatable levels by time:
     D:7: 1262 daAuts
     D:2: 1241 daAuts
     D:3: 1074 daAuts
     D:8: 995 daAuts
     D:6: 966 daAuts
     D:9: 916 daAuts
     D:4: 897 daAuts
     D:1: 844 daAuts
     D:5: 649 daAuts
  Temple: 43 daAuts
